 Dungeon Crawl Stone Soup version 0.27-a0-1528-g90fbb72469 (webtiles) character file.

Game seed: 2101957390058003273

440 Conn the Firebug (level 7, 0/44 HPs)
             Began as an Octopode Fire Elementalist on July 11, 2021.
             Was an Initiate of Sif Muna.
             Slain by an orc warrior (15 damage)
             ... on level 5 of the Dungeon.
             The game lasted 00:12:12 (5714 turns).

Conn the Firebug (Octopode Fire Elementalist)       Turns: 5714, Time: 00:12:17

Health: 0/44       AC:  1    Str: 13    XL:     7   Next: 2%
Magic:  10/11      EV: 13    Int: 19    God:    Sif Muna [......]
Gold:   212        SH:  0    Dex: 13    Spells: 4/12 levels left

rFire    . . .     SeeInvis .   c - +0 dagger (protect)
rCold    . . .     Faith    .   (no shield)
rNeg     . . .     Spirit   .   (helmet restricted)
rPois    .         Reflect  .   (no amulet)
rElec    .         Harm     .   i - +6 ring of strength
rCorr    .         Rampage  .   (no ring)
Will     .....                  (no ring)
Stlth    ++++......             (no ring)
HPRegen  0.14/turn              (no ring)
MPRegen  0.12/turn              (no ring)
                                (no ring)
                                (no ring)

@: no status effects
A: almost no armour, amphibious, 8 rings, camouflage 1, gelatinous body 1,
(nimble swimmer 1), tentacles
a: Renounce Religion


You were on level 5 of the Dungeon.
You worshipped Sif Muna.
Sif Muna was noncommittal.
You visited 2 branches of the dungeon, and saw 7 of its levels.

You collected 212 gold pieces.

Inventory:

Hand Weapons
 a - a +0 dagger
 c - a +0 dagger of protection (weapon)
 f - a +2 dagger of electrocution
 m - a +3 quarterstaff of chaos
Missiles
 b - 41 poisoned darts
Jewellery
 i - a +6 ring of strength (left tentacle)
Wands
 p - a wand of flame (13)
 s - a wand of acid (6)
Scrolls
 d - 2 scrolls of noise {unknown}
 g - 2 scrolls of fog {unknown}
 j - 2 scrolls of acquirement {unknown}
 k - a scroll of immolation {unknown}
 l - a scroll of teleportation {unknown}
 n - a scroll of amnesia {unknown}
 o - a scroll of silence {unknown}
 q - 2 scrolls of enchant weapon {unknown}
Potions
 e - a potion of mutation {unknown}
 h - 2 potions of degeneration {unknown}
 r - a potion of heal wounds {unknown}


   Skills:
 + Level 1.7 Fighting
 + Level 0.6 Short Blades
 + Level 2.5 Dodging
 + Level 4.1 Stealth
 + Level 3.3 Spellcasting
 * Level 3.7 Conjurations
 + Level 0.2 Summonings
 * Level 4.6 Fire Magic


You had 4 spell levels left.
You knew the following spells:

 Your Spells              Type           Power      Damage    Failure   Level
a - Foxfire               Conj/Fire      72%        2x1d7     2%          1
b - Conjure Flame         Conj/Fire      18%        6-21      9%          3
c - Inner Flame           Hex/Fire       11%        N/A       17%         3
d - Summon Small Mammal   Summ           12%        N/A       14%         1

Your spell library contained the following spells:

 Spells                   Type           Power      Damage    Failure   Level
 Animate Skeleton         Necr           6%         N/A       16%         1
 Sticky Flame             Conj/Fire      18%        2d4       26%         4
 Call Canine Familiar     Summ           3%         N/A       38%         3
 Portal Projectile        Hex/Tloc       6%         N/A       41%         3
 Leda's Liquefaction      Hex/Erth       1%         N/A       83%         4
 Fireball                 Conj/Fire      9%         3d6       58%         5
 Yara's Violent Unravell  Hex/Tmut       1%         3d3       99%         5
 Storm Form               Tmut/Air       1%         N/A       100%        7
 Necromutation            Tmut/Necr      1%         N/A       100%        8


Dungeon Overview and Level Annotations

Branches:
Dungeon (6/15)             Temple (1/1) D:4

Altars:
Dithmenos
Elyvilon
Fedhas
Hepliaklqana
Kikubaaqudgha
Makhleb
Okawaru
Qazlal
Sif Muna
Trog
Xom
Yredelemnul
Zin
The Shining One


Innate Abilities, Weirdness & Mutations

You cannot wear most types of armour.
You are amphibious.
You can wear up to eight rings at the same time.
Your skin changes colour to match your surroundings (Stealth+).
Your rubbery body absorbs attacks. (AC +1, EV +1)
((You are camouflaged near water. (Stealth+)))
You have tentacles for arms and can constrict up to eight enemies at once.


Message History

Deactivating autopickup; reactivate with Ctrl-A.
You closely miss the orc warrior.
The orc shouts!
You grab the orc warrior.
You squeeze the orc warrior, but do no damage.
The orc warrior is moderately wounded.
You constrict the orc warrior, but do no damage.
The orc warrior hits you but does no damage.
You barely miss the orc. Your grab misses the orc.
You constrict the orc warrior, but do no damage.
The orc warrior hits you but does no damage.
The orc hits you but does no damage.
Unknown command.
You hit the orc warrior but do no damage.
The orc warrior is moderately wounded.
You constrict the orc warrior, but do no damage.
The orc warrior hits you with a +0 war axe!
The orc hits you with a +0 short sword.
Unknown command.
You release your grip on the orc warrior.
Casting: Foxfire (safe; 2% risk of failure)
Confirm with . or Enter, or press ? or * to list all spells.
The orc warrior hits you with a +0 war axe!
Okay, then.
Okay, then.
Unknown command.
Unknown command.
Okay, then.
Okay, then.
Casting: Summon Small Mammal (safe; 14% risk of failure)
Confirm with . or Enter, or press ? or * to list all spells.
Okay, then.
Unknown command.
Aiming: Corrosive Bolt
Press: ? - help, Shift-Dir - straight line The bolt of acid hits the orc warrior.
The orc warrior is splashed with acid!
The orc warrior is severely wounded.
Your rat bites the orc warrior but does no damage.
The orc warrior hits you with a +0 war axe!
You die...

####### ##### #.....# #....
#.....# #.... #.@or.# #####
#.### #.##.####...###....
#########o##o##E#...#E#....
#..........'..###...###....
#.........o#...............
#.....>....#......_........
#..##......#...........#...
#####......#..###...####...
#........<.#..#E#...#E#....


You could see an orc warrior (ally target), an orc and a friendly rat
(summoned).

Vanquished Creatures
  A scorpion (D:4)
  A water moccasin skeleton (D:4)
  2 hounds (D:4)
  Crazy Yiuf (D:3)
  2 iguanas (D:5)
  9 gnolls
  3 adders
  2 shadow imps (D:5)
  A worm (D:4)
  2 dart slugs
  4 bats
  4 endoplasms
  3 giant cockroaches
  8 goblins
  2 hobgoblins (D:2)
  11 jackals
  A quokka (D:1)
  A ball python (D:3)
  A frilled lizard (D:3)
  6 kobolds
  4 rats
69 creatures vanquished.

Vanquished Creatures (others)
  253 foxfires
  A fungus (D:3)
254 creatures vanquished.

Grand Total: 323 creatures vanquished

Notes
Turn   | Place    | Note
-------+----------+-------------------------------------------
     0 | D:1      | Conn the Octopode Fire Elementalist began the quest for the
                  | Orb.
     0 | D:1      | Reached XP level 1. HP: 11/11 MP: 3/3
    70 | D:1      | Found a faded altar of an unknown god.
   133 | D:1      | Reached XP level 2. HP: 13/17 MP: 3/5
   879 | D:1      | Reached XP level 3. HP: 17/21 MP: 2/6
  1507 | D:2      | Found a bloodstained altar of Trog.
  1666 | D:2      | Got An Introduction to Spellcraft
  2246 | D:2      | Learned a level 3 spell: Conjure Flame
  2548 | D:3      | Reached XP level 4. HP: 17/27 MP: 0/7
  2761 | D:3      | You fall into a shaft and drop 3 floors!
  2791 | D:6      | Noticed a wyvern
  2794 | D:5      | Entered Level 5 of the Dungeon
  2915 | D:3      | Got Pahien Ipost's Collected Works on Transformation
  3589 | D:3      | Reached XP level 5. HP: 27/31 MP: 8/8
  3942 | D:3      | Found a runed translucent door.
  3943 | D:3      | Noticed Crazy Yiuf
  3950 | D:3      | Learned a level 3 spell: Inner Flame
  3952 | D:3      | Learned a level 1 spell: Summon Small Mammal
  3991 | D:3      | Killed Crazy Yiuf
  4209 | D:4      | Reached XP level 6. HP: 11/36 MP: 5/10
  4935 | D:4      | Found a staircase to the Ecumenical Temple.
  4964 | D:4      | Reached skill level 1 in Fighting
  4993 | Temple   | Entered the Ecumenical Temple
  5098 | Temple   | Became a worshipper of Sif Muna the Loreminder
  5553 | D:5      | Reached XP level 7. HP: 44/44 MP: 7/11
  5636 | D:5      | Noticed an air elemental
  5638 | D:5      | Found a stormy altar of Qazlal.
  5641 | D:5      | Noticed a fire elemental
  5641 | D:5      | Noticed a water elemental
  5714 | D:5      | Slain by an orc warrior

Illustrated notes

Levels and vault maps discovered:
D:1:      psy_arrival_spokes, layout_loops_ring,
          ebering_ecumenical_altar_abandoned, minmay_misc_feat_chi,
          hangedman_abyss_or_decor_stabs
D:2:      layout_basic, basic_altar
D:3:      layout_loops_corners, minmay_misc_feat_diagonals, minivault_24,
          uniq_crazy_yiuf_cottage
D:4:      layout_basic, minmay_temple_entry_drinking_statues
D:5:      layout_gridville, nicolae_qazlal_style_of_elements, minitemple
D:6:      layout_loops_ring, gammafunk_temple_overflow_wave,
          cheibrodos_sewer_entry_sluice, nicolae_shop_firing_range,
          uniq_eustachio, uniq_edmund
Temple:   regret_index_temple_waves

Skill      XL: |  1  2  3  4  5  6 |
---------------+-------------------+-----
Stealth        | 3 4 |  4.1
Conjurations   | 2 3 |  3.7
Fire Magic     | 4 |  4.6
Spellcasting   | 3 |  3.3
Fighting       | 1 |  1.7
Short Blades   | |  0.6
Dodging        | |  2.5
Summonings     | |  0.2

Action                   |  1- 3 |  4- 6 |  7- 9 || total
-------------------------+-------+-------+-------++-------
Melee: Tentacles         |     3 |     5 |     2 ||    10
       Unarmed           |     1 |       |       ||     1
       Dagger            |    20 |    28 |     4 ||    52
       Constrict         |     4 |     5 |     1 ||    10
 Cast: Foxfire           |    67 |    74 |       ||   141
       Conjure Flame     |       |     4 |       ||     4
       Summon Small Mamm |       |     1 |     1 ||     2
Evoke: Wand              |       |       |     1 ||     1
  Use: Scroll            |     2 |       |       ||     2
       Potion            |       |     3 |       ||     3
 Stab: Sleeping          |     4 |     4 |       ||     8
Armor: Skin              |     8 |    11 |     3 ||    22
Dodge: Dodged            |    48 |    21 |       ||    69

Table legend: (Time is in decaauts)
 A = Elapsed time spent in this place.
 B = Non-inter-level travel time spent in this place.
 C = Inter-level travel time spent in this place.
 D = Time resting spent in this place.
 E = Time spent auto-exploring this place.
 F = Levels seen in this place.
 G = Mean time per level.
                   A        B        C        D        E       F      G
               +--------+--------+--------+--------+--------+-----+--------+
         Total |   5712 |   5512 |    200 |    302 |   4005 |   7 |  816.0 |
       Dungeon |   5561 |   5406 |    155 |    302 |   3938 |   6 |  926.8 |
        Temple |    150 |    105 |     45 |      0 |     67 |   1 |  150.0 |
               +--------+--------+--------+--------+--------+-----+--------+

Top non-repeatable levels by time:
     D:3: 1748 daAuts
     D:2: 1193 daAuts
     D:4: 1136 daAuts
     D:1: 1107 daAuts
     D:5: 343 daAuts
  Temple: 150 daAuts
     D:6: 32 daAuts
